 Dungeon Crawl Stone Soup version 0.28-a0-1348-g050f3537b9 (webtiles) character file.

Game seed: 5150265507381692603

46 Deminshera the Sneak (level 3, -7/34 HPs)
             Began as a Naga Hunter on Dec 30, 2021.
             Mangled by a worm (11 damage)
             ... on level 2 of the Dungeon.
             The game lasted 00:02:22 (1703 turns).

Deminshera the Sneak (Naga Hunter)                  Turns: 1703, Time: 00:02:23

Health: -7/34      AC:  2    Str: 16    XL:     3   Next: 68%
Magic:  3/3        EV:  9    Int: 11    God:
Gold:   67         SH:  0    Dex: 11    Spells: 2/2 levels left

rFire   + . .      SeeInvis +   l - +0 dagger (speed)
rCold   . . .      Faith    .   (no shield)
rNeg    . . .      Spirit   .   c - +0 leather armour
rPois   +          Reflect  .   (no helmet)
rElec   .          Harm     .   (no cloak)
rCorr   .          Rampage  .   (no gloves)
Will    .....                   (no barding)
Stlth   ++........              (no amulet)
HPRegen 0.11/turn               e - ring of protection from fire
MPRegen 0.08/turn               (no ring)

@: very slow
A: AC +1, large, see invisible, deformed body, poison resistance, slowness 2,
spit poison 1, naga tail 1
a: Spit Poison


You were on level 2 of the Dungeon.
You visited 1 branch of the dungeon, and saw 2 of its levels.

You collected 67 gold pieces.

Inventory:

Hand Weapons
 a - a +1 hand crossbow
 b - a +0 short sword
 l - a +0 dagger of speed (weapon)
Missiles
 d - 20 bolts
Armour
 c - a +0 leather armour (worn)
Jewellery
 e - a ring of protection from fire (left hand)
Wands
 m - a wand of flame (21)
Scrolls
 g - a scroll of acquirement {unknown}
 j - a scroll of identify {unknown}
 o - a scroll of magic mapping {unknown}
 p - a scroll of fog {unknown}
Potions
 f - a potion of ambrosia {unknown}
 h - a potion of brilliance {unknown}
 i - a potion of heal wounds {unknown}
 k - a potion of degeneration {unknown}
 n - a potion of resistance {unknown}


   Skills:
 + Level 3.0 Fighting
 - Level 3.6 Crossbows
 - Level 1.5 Dodging
 - Level 4.0 Stealth


You had 2 spell levels left.
You didn't know any spells.
Your spell library was empty.

Dungeon Overview and Level Annotations

Branches:
Dungeon (2/15)

Altars:


Innate Abilities, Weirdness & Mutations

Your serpentine skin is tough. (AC +1)
You have supernaturally acute eyesight. (SInv)
Armour fits poorly on your strangely shaped body.
Your system is resistant to poisons. (rPois)
You cover ground very slowly.
You can spit poison.
You have a snake-like lower body.


Message History

You barely miss the worm.
The worm is almost dead.
The worm closely misses you.
You hit the worm but do no damage.
The worm is severely wounded.
You hit the worm.
The worm is almost dead.
The worm barely misses you.
You hit the worm.
The worm is almost dead.
You barely miss the worm.
The worm is almost dead.
You hit the worm.
You kill the worm!
Your Fighting skill increases to level 3!
You hit the worm.
The worm is lightly wounded.
Aiming: Spit Poison (2% risk of failure)
Press: ? - help, Shift-Dir - straight line, f - worm
Aim: a worm (lightly wounded)
The splash of poison hits the worm.
The worm is poisoned.
The worm is moderately wounded.
The worm bites you.
You hit the worm.
The worm is moderately wounded.
You hit the worm but do no damage.
The worm is moderately wounded.
The worm bites you!
* * * LOW HITPOINT WARNING * * *
You hit the worm.
The worm is moderately wounded.
You have got your breath back.
Things that are here:
a +0 dagger; a goblin corpse You hit the worm.
The worm is heavily wounded.
You completely miss the worm.
The worm is heavily wounded.
The worm bites you!
You die...

#.# #....# #.#
#.. .....# #.#
...... #.# ..
#.# .w #.# . #.
#.# ... #. #.#
.....#.######.#
#.....w@...#
###.######## #.
#. .. #. ##


You could see a worm (poisoned).

Vanquished Creatures
  An adder (D:2)
  A worm (D:2)
  2 dart slugs (D:1)
  3 bats
  4 giant cockroaches
  3 hobgoblins
  2 jackals (D:2)
  2 quokkas (D:2)
  A ball python (D:1)
  4 goblins
  3 kobolds
  2 rats
28 creatures vanquished.

Vanquished Creatures (others)
  2 withered plants (D:2)
2 creatures vanquished.

Grand Total: 30 creatures vanquished

Notes
Turn   | Place    | Note
-------+----------+-------------------------------------------
     0 | D:1      | Deminshera the Naga Hunter began the quest for the Orb.
     0 | D:1      | Reached XP level 1. HP: 19/19 MP: 1/1
    93 | D:1      | Reached skill level 2 in Stealth
   518 | D:1      | Reached skill level 3 in Stealth
   518 | D:1      | Reached XP level 2. HP: 26/26 MP: 2/2
   890 | D:1      | Reached skill level 4 in Stealth
  1262 | D:2      | Reached XP level 3. HP: 21/32 MP: 3/3
  1703 | D:2      | Mangled by a worm

Illustrated notes

Levels and vault maps discovered:
D:1:      dpeg_arrival_long_road, layout_loops_corners, serial_bayou,
          serial_bayou_lagoon_b, serial_bayou_pond_e, serial_bayou_pond_c,
          serial_bayou_lake_a, serial_bayou_pond_e, minmay_quantized
D:2:      layout_basic, ebering_ecumenical_altar_petrified, serial_park_tiny_2

Skill      XL: |  1  2  3 |
---------------+----------+-----
Stealth        | 3 4 |  4.0
Fighting       | 3 |  3.0
Crossbows      | |  3.6
Dodging        | |  1.5

Action                   || total
-------------------------++-------
Melee: Short sword       ||    27
       Dagger            ||    37
 Abil: Spit Poison       ||    19
 Stab: Sleeping          ||     2
Armor: Leather armour    ||    10
Dodge: Dodged            ||    21

Table legend: (Time is in decaauts)
 A = Elapsed time spent in this place.
 B = Non-inter-level travel time spent in this place.
 C = Inter-level travel time spent in this place.
 D = Time resting spent in this place.
 E = Time spent auto-exploring this place.
 F = Levels seen in this place.
 G = Mean time per level.
                   A        B        C        D        E       F      G
               +--------+--------+--------+--------+--------+-----+--------+
         Total |   2233 |   2115 |    118 |    305 |   1580 |   2 | 1116.5 |
       Dungeon |   2233 |   2115 |    118 |    305 |   1580 |   2 | 1116.5 |
               +--------+--------+--------+--------+--------+-----+--------+

Top non-repeatable levels by time:
     D:1: 1683 daAuts
     D:2: 550 daAuts
